 Dungeon Crawl Stone Soup version 0.30.1-3-gfc49f6343a (webtiles) character file.

Game seed: 11734339197033834650

1187668 cdecastro the Skullcrusher (level 27, -12/278 (292) HPs)
             Began as an Armataur Warper on July 28, 2023.
             Was an Initiate of Gozag.
             Mangled by a nargun (26 damage)
             ... on level 4 of Cocytus on July 31, 2023.
             The game lasted 09:29:33 (141288 turns).

cdecastro the Skullcrusher (Armataur Warper)      Turns: 141288, Time: 09:29:33

HP:   -12/278 (292) AC: 59    Str: 33      XL:     27
MP:   15/53         EV:  5    Int: 23      God:    Gozag
Gold: 20060         SH: 21    Dex:  9 (14) Spells: 6/61 levels left

rFire   + + +        a - +13 demon whip of Comis {flame, rElec Dex+6}
rCold   + . .        N - +1 tower shield {rC+}
rNeg    + + +        g - +8 orange crystal plate armour {Archmagi, Int+3 Clar}
rPois   +            Z - +2 helmet
rElec   +            G - +2 cloak {rPois}
rCorr   +            T - +4 pair of gloves of New Discoveries {Will++ Regen+ Stlth+}
SInv    .            A - +1 barding of Reason {Will+ Int+3}
Will    +++++        C - amulet of Bexzou {rF++ Regen+ MP+9 Str-2 Slay+2} Stlth
                     H - ring "Joututomn" {rF+ rN+ Str+6}
HPRegen 2.26/turn    v - ring "Iwitak" {rF- rN++ rCorr Slay+4}
MPRegen 0.33/turn

%: clarity, roll, archmagi
@: gold aura, studying 4 skills, lightly drained, unable to drink
A: large, rugged brown scales 3, deformed body, armoured tail, roll, long
tongue, awkward tongue, thin skeletal structure 1, clumsy 1, dopey 1, fire
resistance 1, strong 1, sturdy frame 1
}: 13/15 runes: barnacled, slimy, silver, iron, obsidian, bone, abyssal,
demonic, glowing, magical, fiery, dark, gossamer
a: Renounce Religion, Potion Petition, Call Merchant, Bribe Branch


You were on level 4 of Cocytus.
You worshipped Gozag.
Gozag was extremely pleased with you.
You visited 17 branches of the dungeon, and saw 82 of its levels.
You visited Pandemonium 1 time, and saw 16 of its levels.
You visited the Abyss 2 times.
You visited 1 bazaar.
You visited 1 ziggurat, and saw 9 of its levels.
You also visited: Bailey, Gauntlet, Ice Cave and Volcano.

You collected 30147 gold pieces.
You spent 4592 gold pieces at shops.
You paid 5495 gold pieces to Gozag.

Inventory:

Hand Weapons
 a - the +13 demon whip of Comis (weapon) {flame, rElec Dex+6}
   (Trog gifted it to you on level 2 of the Orcish Mines)

   Dex:       It affects your dexterity (+6).
   rElec:     It insulates you from electricity.
 b - the +13 sceptre of Asmodeus
   (You took it off Asmodeus on level 7 of Gehenna)

   Fire Summon: It may summon demons of flame and damnation when striking foes.
Armour
 g - the +8 orange crystal plate armour (worn) {Archmagi, Int+3 Clar}
   (You acquired it on level 2 of the Orcish Mines)

   Int:       It affects your intelligence (+3).
   Clar:      It protects you from confusion, rage, mesmerisation and fear.
 A - the +1 barding of Reason (worn) {Will+ Int+3}
   (You acquired it on level 2 of the Orcish Mines)

   Int:       It affects your intelligence (+3).
   Will:      It increases your willpower.
 G - a +2 cloak of poison resistance (worn)
 N - a +1 tower shield of cold resistance (worn)
 T - the +4 pair of gloves of New Discoveries (worn) {Will++ Regen+ Stlth+}
   (You found it on level 5 of the Pits of Slime)

   Regen:     It increases your rate of health regeneration.
   Will:      It greatly increases your willpower.
   Stlth:     It makes you more stealthy.
 Z - a +2 helmet (worn)
Jewellery
 e - a ring of flight
 r - the ring "Igeshruel" {rN+ SInv}
   (You acquired it on level 5 of the Vaults)

   [ring of see invisible]

   rN:        It protects you from negative energy.
   SInv:      It lets you see invisible.
 v - the ring "Iwitak" (right hand) {rF- rN++ rCorr Slay+4}
   (You bought it in a shop in a bazaar)

   [ring of resist corrosion]

   Slay:      It affects your accuracy & damage with ranged weapons and melee
   (+4).
   rF:        It makes you vulnerable to fire.
   rN:        It greatly protects you from negative energy.
   rCorr:     It protects you from acid and corrosion.
 C - the amulet of Bexzou (around neck) {rF++ Regen+ MP+9 Str-2 Slay+2}
   (You took it off a deep elf pyromancer on level 3 of the Elven Halls)

   [amulet of regeneration]

   Str:       It affects your strength (-2).
   Slay:      It affects your accuracy & damage with ranged weapons and melee
   (+2).
   rF:        It greatly protects you from fire.
   MP:        It affects your magic capacity (+9).
   Regen:     It increases your rate of health regeneration.
 H - the ring "Joututomn" (left hand) {rF+ rN+ Str+6}
   (You took it off a minotaur in a Gauntlet)

   [ring of strength]

   Str:       It affects your strength (+6).
   rF:        It protects you from fire.
   rN:        It protects you from negative energy.
 K - the ring of Sunlight {rF+ rCorr Slay+2}
   (You found it in a Gauntlet)

   [ring of protection from fire]

   Slay:      It affects your accuracy & damage with ranged weapons and melee
   (+2).
   rF:        It protects you from fire.
   rCorr:     It protects you from acid and corrosion.
 L - the ring of Foolhardiness {rPois rC+}
   (You took it off a deep elf high priest on level 3 of the Elven Halls)

   [ring of protection from cold]

   rC:        It protects you from cold.
   rPois:     It protects you from poison.
 U - the amulet of Fajaf {Reflect +Inv Slay+2 SH+5}
   (You found it in an ice cave)

   [amulet of reflection]

   It reflects blocked missile attacks.
   Slay:      It affects your accuracy & damage with ranged weapons and melee
   (+2).
   +Inv:      It lets you turn invisible.
   SH:        It affects your SH (+5).
 V - the ring of Pamn {Wiz rCorr Int+3 Stlth+}
   (You found it on level 5 of the Pits of Slime)

   [ring of wizardry]

   It improves your spell success rate.
   Int:       It affects your intelligence (+3).
   rCorr:     It protects you from acid and corrosion.
   Stlth:     It makes you more stealthy.
Wands
 n - a wand of mindburst (57) (quivered)
 o - a wand of digging (31)
 y - a wand of paralysis (117)
 Q - a wand of iceblast (89)
 Y - a wand of acid (10)
Scrolls
 c - 6 scrolls of blinking
 h - 7 scrolls of vulnerability
 j - a scroll of fear
 m - 9 scrolls of magic mapping
 p - 3 scrolls of silence
 q - 7 scrolls of summoning
 u - 3 scrolls of immolation
 w - 13 scrolls of teleportation
 J - 13 scrolls of fog
 M - 4 scrolls of torment
 P - 7 scrolls of poison
Potions
 f - 2 potions of curing
 k - 8 potions of invisibility
 l - 15 potions of mutation
 s - 17 potions of flight
 x - 4 potions of magic
 B - 7 potions of berserk rage
 D - 10 potions of resistance
 E - 16 potions of lignification
 F - 5 potions of haste
 I - 7 potions of cancellation
 O - 8 potions of attraction
 R - 7 potions of brilliance
 W - 9 potions of might
Miscellaneous
 d - a phial of floods
 i - a phantom mirror
 t - a box of beasts
 z - a lightning rod (4/4)
 S - a condenser vane
 X - the horn of Geryon


   Skills:
 O Level 27 Fighting
 O Level 27 Maces & Flails
 - Level 0.8 Throwing
 O Level 27 Armour
 - Level 5.0 Dodging
 - Level 10.0 Stealth
 - Level 20.0 Shields
 + Level 17.6 Spellcasting
 - Level 15.0 Summonings
 - Level 24.0 Translocations
 - Level 24.0 Evocations


You had 6 spell levels left.
You knew the following spells:

 Your Spells              Type           Power      Damage    Failure   Level
a - Blink                 Tloc           100%       N/A       0%          2
b - Lesser Beckoning      Tloc           100%       N/A       0%          2
c - Gell's Gravitas       Tloc           100%       N/A       0%          3
d - Manifold Assault      Tloc           100%       N/A       0%          4
e - Passage of Golubria   Tloc           100%       N/A       0%          4
f - Vhi's Electric Charg  Tloc/Air       100%       N/A       1%          3
g - Disjunction           Tloc           57%        N/A       4%          8
h - Teleport Other        Tloc           100%       N/A       0%          3
i - Iskenderun's Mystic   Conj/Tloc      85%        2d17      1%          4
j - Summon Forest         Summ/Tloc      52%        N/A       1%          5
k - Malign Gateway        Summ/Tloc      52%        N/A       3%          7
l - Animate Armour        Summ/Erth      100%       N/A       6%          4
m - Summon Cactus Giant   Summ           46%        N/A       4%          6

Your spell library contained the following spells:

 Spells                   Type           Power      Damage    Failure   Level
 Summon Small Mammal      Summ           100%       N/A       1%          1
 Call Imp                 Summ           100%       N/A       1%          2
 Momentum Strike          Conj/Tloc      100%       3d10      1%          2
 Call Canine Familiar     Summ           93%        N/A       1%          3
 Portal Projectile        Hex/Tloc       100%       N/A       1%          3
 Summon Guardian Golem    Hex/Summ       70%        N/A       1%          3
 Volatile Blastmotes      Fire/Tloc      100%       2d18      1%          3
 Summon Ice Beast         Ice/Summ       70%        N/A       6%          4
 Beastly Appendage        Tmut           60%        N/A       14%         1
 Foxfire                  Conj/Fire      100%       2x1d9     14%         1
 Freeze                   Ice            100%       1d10      14%         1
 Magic Dart               Conj           100%       1d8       14%         1
 Necrotise                Necr           100%       1d9       14%         1
 Shock                    Conj/Air       100%       1d9       14%         1
 Slow                     Hex            100%       N/A       14%         1
 Sting                    Tmut/Pois      100%       1d8       14%         1
 Summon Mana Viper        Hex/Summ       70%        N/A       17%         5
 Cigotuvi's Dreadful Rot  Necr/Pois/Air  60%        N/A       21%         2
 Ensorcelled Hibernation  Hex/Ice        60%        N/A       21%         2
 Passwall                 Tmut/Erth      25%        N/A       21%         2
 Poisonous Vapours        Pois/Air       60%        N/A       21%         2
 Scorch                   Fire           60%        2d7       21%         2
 Searing Ray              Conj           60%        2d6       21%         2
 Sublimation of Blood     Necr           30%        N/A       21%         2
 Wereblood                Tmut           30%        N/A       21%         2
 Confusing Touch          Hex            30%        N/A       38%         3
 Dazzling Flash           Conj/Hex       60%        N/A       38%         3
 Frozen Ramparts          Ice            60%        1d10      38%         3
 Hailstorm                Conj/Ice       30%        3d8       38%         3
 Mephitic Cloud           Conj/Pois/Air  30%        N/A       38%         3
 Ozocubu's Armour         Ice            30%        N/A       38%         3
 Spider Form              Tmut/Pois      30%        N/A       38%         3
 Stone Arrow              Conj/Erth      60%        3d10      38%         3
 Swiftness                Air            30%        N/A       38%         3
 Tukima's Dance           Hex            30%        N/A       38%         3
 Vampiric Draining        Necr           30%        2d8       38%         3
 Airstrike                Air            15%        2d(3-19)  80%         4
 Cause Fear               Hex            15%        N/A       80%         4
 Dispel Undead            Necr           30%        3d14      80%         4
 Flame Wave               Conj/Fire      30%        2d9       80%         4
 Fulminant Prism          Conj/Hex       15%        3d10      80%         4
 Leda's Liquefaction      Hex/Erth       15%        N/A       80%         4
 Olgreb's Toxic Radiance  Pois           30%        N/A       80%         4
 Petrify                  Tmut/Erth      30%        N/A       80%         4
 Sticky Flame             Conj/Fire      30%        2d5       80%         4
 Alistair's Intoxication  Tmut/Pois      20%        N/A       98%         5
 Arcjolt                  Conj/Air       15%        1d25      98%         5
 Blade Hands              Tmut           15%        N/A       98%         5
 Borgnjor's Vile Clutch   Necr/Erth      15%        N/A       98%         5
 Fireball                 Conj/Fire      15%        3d8       98%         5
 Irradiate                Conj/Tmut      15%        3d16      98%         5
 Iskenderun's Battlesphe  Conj           30%        2d8       98%         5
 Metabolic Englaciation   Hex/Ice        15%        N/A       98%         5
 Silence                  Hex/Air        15%        N/A       98%         5
 Yara's Violent Unravell  Hex/Tmut       15%        3d8       98%         5
 Conjure Ball Lightning   Conj/Air       15%        3x3d6     100%        6
 Death Channel            Necr           15%        N/A       100%        6
 Eringya's Noxious Bog    Tmut/Pois      15%        N/A       100%        6
 Iron Shot                Conj/Erth      15%        9d4       100%        6
 Plasma Beam              Fire/Air       15%        2x1d29    100%        6
 Starburst                Conj/Fire      15%        6d6       100%        6
 Statue Form              Tmut/Erth      20%        N/A       100%        6
 Monstrous Menagerie      Summ           46%        N/A       24%         7
 Summon Hydra             Summ           46%        N/A       24%         7
 Haunt                    Necr/Summ      35%        N/A       99%         7
 Spellforged Servitor     Conj/Summ      35%        N/A       99%         7
 Dragon Form              Tmut           15%        N/A       100%        7
 Orb of Destruction       Conj           15%        9d7       100%        7
 Ozocubu's Refrigeration  Ice            15%        4d10      100%        7
 Storm Form               Tmut/Air       15%        N/A       100%        7
 Discord                  Hex            15%        N/A       100%        8
 Ignition                 Fire           15%        3d6       100%        8
 Infestation              Necr           15%        N/A       100%        8
 Lehudib's Crystal Spear  Conj/Erth      15%        10d5      100%        8
 Maxwell's Capacitive Co  Air            15%        ∞         100%        8
 Necromutation            Tmut/Necr      15%        N/A       100%        8
 Chain Lightning          Conj/Air       15%        3d20      100%        9
 Dragon's Call            Summ           46%        N/A       100%        9
 Fire Storm               Conj/Fire      15%        8d4       100%        9
 Polar Vortex             Ice            15%        N/A       100%        9
 Shatter                  Erth           15%        3d15*     100%        9
 Animate Dead             Necr           Unusable   N/A       N/A         4
 Simulacrum               Ice/Necr       Unusable   N/A       N/A         6

Dungeon Overview and Level Annotations

Branches:
Dungeon (15/15)            Temple (1/1) D:4            Lair (5/5) D:11
 Shoals (4/4) Lair:3       Spider (4/4) Lair:2        Slime (5/5) Lair:4
    Orc (2/2) D:9             Elf (3/3) Orc:2        Vaults (5/5) D:14
  Crypt (3/3) Vaults:3       Tomb (0/3) Crypt:3      Depths (4/4) D:15
   Hell (visited)             Dis (7/7) Hell            Geh (7/7) Hell
    Coc (4/7) Hell            Tar (7/7) Hell            Zot (5/5) Depths:4
 Bailey (visited)           IceCv (visited)         Volcano (visited)
Gauntlet (visited)

Altars:
Ashenzari
Cheibriados
Dithmenos
Elyvilon
Fedhas
Gozag
Hepliaklqana
Kikubaaqudgha
Makhleb
Nemelex Xobeh
Okawaru
Qazlal
Ru
Sif Muna
Trog
Uskayaw
Vehumet
Wu Jian
Xom
Yredelemnul
Zin
The Shining One
Jiyva

Shops:
Orc:2 *?[!   Elf:1 :(   Elf:2 (   Shoals:4 !   Vaults:4 ?

Portals:
Hell: Depths:1 Depths:2 Depths:3 Depths:4
Abyss: Depths:3
Pandemonium: Depths:2


Innate Abilities, Weirdness & Mutations

You are completely covered in rugged brown scales. (AC +3, +7% HP)
Armour fits poorly on your strangely shaped body.
You have a long armoured tail.
You roll when moving toward enemies. (Rampage)
Your long tongue fully drains potion bottles. (2x potion effects)
Your tongue gives you trouble enunciating. (1.5x scroll delay)
You have a somewhat thin skeletal structure. (Dex +2, Stealth+)
You are clumsy. (Dex -2)
You are dopey. (Int -2)
Your flesh is heat resistant. (rF+)
Your muscles are strong. (Str +4, Int/Dex -1)
Your movements are slightly less encumbered by armour. (ER -2)


Message History

Unknown command.
Casting: Manifold Assault (safe; 0% risk of failure)
Confirm with . or Enter, or press ? or * to list all spells.
You feel a surge of power!
Space momentarily warps into an impossible shape!
You completely miss the water elemental.
You barely miss the shard shrike.
The shard shrike is no longer distracted by gold.
You hit the water elemental. You burn the water elemental.
The water elemental is no longer distracted by gold.
You hit the elemental wellspring. You burn the elemental wellspring.
The shard shrike simulacrum barely misses you.
The shard shrike is distracted by your dazzling golden aura.
The shard shrike simulacrum claws you!
* * * LOW HITPOINT WARNING * * *
The shard shrike simulacrum freezes you!
You resist.
* * * LOW HITPOINT WARNING * * *
The Ice Fiend is distracted by your dazzling golden aura.
The water elemental is distracted by your dazzling golden aura.
Your eldritch tentacle slaps the juggernaut simulacrum but does no damage.
Your eldritch tentacle claws the juggernaut simulacrum!!
The juggernaut simulacrum vaporises!
The shard shrike screeches!
The Ice Fiend roars!
Unknown command.
Unknown command.
Unknown command.
Unknown command.
The Ice Fiend is no longer distracted by gold.
The shard shrike is distracted by your dazzling golden aura.
The shard shrike simulacrum claws you but does no damage. x2
The shard shrike spits a shard of ice at you.
The shard of ice hits you!! You partially resist.
* * * LOW HITPOINT WARNING * * *
The nargun splashes around in the water.
The nargun bites you!
* * * LOW HITPOINT WARNING * * *
The nargun freezes you!! You resist.
You die...
Your body crumbles into a pile of gold.

..........
.......≈≈##
≈.≈≈≈≈≈≈≈≈#
≈≈≈≈≈≈≈≈..## .
≈≈≈≈...°Λ.≈##..
≈≈≈E...w.*≈≈~..
≈≈≈~~.☼9C.~~...
EE≈≈~Eb@°~~≈...
1~EE≈~ZZb~≈....
..~≈§.§b~~≈....
#...~~..~~#...≈
##...≈~~~## .##
##...Z~## #
##..≈## 9..≈


You could see a titan, 3 shard shrikes, an Ice Fiend, 2 elemental wellsprings, 2
narguns, 4 water elementals, an iron giant simulacrum, a caustic shrike
simulacrum, a shard shrike simulacrum and a friendly eldritch tentacle.

Vanquished Creatures
  Asmodeus (Geh:7)
  the Royal Jelly (Slime:5)
  Gloorx Vloq (Pan)
  Mnoleg (Pan)
  Dispater (Dis:7)
  5 dread liches
  Lom Lobon (Pan)
  5 ancient liches
  Mara (Spider:3)
  8 orbs of fire (Zot:5)
  7 juggernauts
  3 royal mummies
  Sojobo (Depths:1)
  Boris (Vaults:4)
  3 pandemonium lords (Pan)
  Saint Roka (Vaults:1)
  Bai Suzhen (Vaults:2)
  Frederick (Crypt:1)
  Margery (Crypt:1)
  3 curse toes
  4 Killer Klowns
  5 shard shrikes
  Xtahua (Vaults:2)
  Geryon (Hell)
  the Enchantress (Depths:2)
  The ghost of crisisinutopia the Impregnable, an adept MiFi of Okawaru (Vaults:4)
  22 golden dragons
  20 caustic shrikes
  Jory (Vaults:3)
  21 profane servitors
  10 bone dragons
  16 Tzitzimimeh
  16 Brimstone Fiends
  13 doom hounds
  9 iron giants
  14 Hell Sentinels
  13 hellephants
  17 tentacled monstrosities
  2 electric golems (Zot:5)
  25 Orb Guardians
  8 Ice Fiends
  4 liches
  5 quicksilver dragons
  26 tainted leviathans
  6 deep elf blademasters
  9 titans
  Asterion (Vaults:3)
  14 acid blobs (Slime:5)
  2 deep elf master archers (Elf:3)
  A walking frostbound tome (Depths:3)
  13 death cobs
  32 searing wretches
  5 sphinxes
  47 ancient champions
  16 Executioners (Pan)
  4 krakens (Shoals:4)
  Kirke (Shoals:1)
  A thorn hunter (Abyss:3)
  18 storm dragons
  The ghost of Abrupouw the Fencer, an adept HOMo of Makhleb (Spider:3)
  Donald (Vaults:1)
  Roxanne (D:14)
  20 shadow dragons
  10 tengu reavers
  11 azure jellies
  5 narguns
  4 draconian knights
  11 rockslimes
  9 draconian monks
  6 demonspawn warmongers (Pan)
  14 fire giants
  Louise (Depths:3)
  6 revenants
  A fire giant (shapeshifter) (Depths:3)
  3 draconian scorchers
  18 frost giants
  9 quicksilver elementals
  3 draconian shifters
  23 iron dragons
  12 vault wardens
  9 deep elf sorcerers
  11 emperor scorpions
  A ghost moth (shapeshifter) (Depths:1)
  A shard shrike simulacrum (Coc:3)
  3 orc warlords
  7 ghost moths
  2 deep elf elementalists (Elf:3)
  6 ghouls
  6 draconian stormcallers
  42 war gargoyles
  15 cacodemons (Pan)
  42 balrugs
  3 demonspawn blood saints (Pan)
  A juggernaut zombie (Depths:1)
  9 reapers
  4 spriggan defenders
  4 curse skulls
  3 spectral caustic shrikes
  6 ironbound thunderhulks
  13 draconian annihilators
  29 stone giants
  2 broodmothers
  6 demonspawn corrupters (Pan)
  20 ironbound preservers
  8 elemental wellsprings
  15 quicksilver oozes
  14 green draconians
  14 vampire knights
  26 very ugly things
  10 black draconians
  5 lorocyprocas (Pan)
  33 putrid mouths
  A bunyip (Zig:8)
  9 deep elf demonologists
  7 demonspawn black suns (Pan)
  18 deep elf annihilators
  3 eleionomae
  11 purple draconians
  5 spark wasps
  13 white draconians
  A minotaur (Gauntlet)
  4 wendigos
  13 red draconians
  11 yellow draconians
  30 iron golems
  13 dire elephants
  16 blizzard demons (Pan)
  11 deep elf death magi
  A crystal guardian (Vaults:2)
  9 green deaths (Pan)
  8 eidola
  10 ettins
  13 jiangshi
  4 spectral spriggans
  A spectral kraken (Tar:7)
  10 fire dragons
  4 merfolk impalers
  A spectral fenstrider witch (Tar:2)
  2 mummy priests
  14 yaktaur captains
  8 great orbs of eyes
  7 merfolk javelineers
  6 entropy weavers
  6 deep elf high priests (Elf:3)
  32 vault guards
  Josephine (Lair:5)
  Harold (Lair:2)
  A fenstrider witch zombie (Crypt:1)
  8 salamander tyrants
  A peacekeeper (Vaults:2)
  A ghost crab (Zig:8)
  7 hydras
  9 rakshasas
  5 spriggan air magi
  3 catoblepae
  An anaconda (shapeshifter) (Vaults:5)
  2 caustic shrike simulacra (Coc:4)
  Erica (Lair:1)
  17 ice dragons
  10 hell beasts
  A fenstrider witch skeleton (Pan)
  6 juggernaut simulacra
  3 ogre magi
  A radroach (shapeshifter) (Vaults:5)
  9 ironbound frosthearts
  11 boulder beetles
  9 centaur warriors
  5 stokers
  30 dancing weapons
  2 spectral stone giants
  3 radroaches
  13 two-headed ogres
  2 merfolk avatars
  8 merfolk aquamancers
  A death scarab (Zig:6)
  4 death knights
  5 satyrs (Shoals:4)
  7 deep troll shamans
  6 deep troll earth magi
  9 death yaks
  4 orc high priests (Orc:2)
  2 spectral dire elephants
  10 vampire magi
  39 hell hogs
  A naga sharpshooter (Zig:4)
  4 tengu warriors
  19 hell knights
  6 holy swine (Pan)
  4 spectral nagas
  5 spriggan berserkers
  A spectral storm dragon (Tar:2)
  A thrashing horror (Abyss:1)
  5 shock serpents
  Nergalle (D:10)
  15 deep elf knights
  A wretched star (Abyss:3)
  11 crystal echidnas
  13 sixfirhies
  A spectral bunyip (Tar:1)
  72 sun demons
  14 iron trolls
  The ghost of croobank the Ducker, a novice GnMo of Ignis (D:7)
  An iron giant zombie (Crypt:3)
  50 skeletal warriors
  An anaconda zombie (Hell)
  10 skysharks
  32 soul eaters
  3 pharaoh ants
  3 salamander mystics
  2 quicksilver dragon simulacra
  21 shadow wraiths
  A bunyip zombie (Crypt:2)
  2 glowing orange brains
  4 sea snakes
  A cherub (Pan)
  20 large abominations
  16 shadow demons (Pan)
  A spectral hydra (Tar:1)
  64 deep trolls
  An iron troll (shapeshifter) (Vaults:5)
  A spectral iron dragon (Tar:1)
  7 flayed ghosts
  A naga ritualist (Zig:4)
  3 orange crystal statues
  A wolf spider zombie (Crypt:1)
  4 swamp dragons
  10 orb spiders
  A spriggan simulacrum (Spider:1)
  2 obsidian statues (Zig:6)
  3 spectral anacondas
  16 deep elf archers
  A bog body (Crypt:2)
  16 ironbound convokers
  A bunyip skeleton (Crypt:3)
  2 fenstrider witch simulacra (Coc:1)
  11 wizards
  7 lindwurms
  Pikel (D:7)
  24 harpies
  A shadow dragon skeleton (Crypt:2)
  2 sphinx zombies (D:15)
  6 orc knights
  11 phantasmal warriors
  5 steelbarb worms
  2 anaconda skeletons
  35 deep elf pyromancers
  22 deep elf zephyrmancers
  27 wolf spiders
  25 ugly things
  17 necromancers
  13 fauns
  A jorogumo zombie (Crypt:1)
  10 orc sorcerers
  16 manticores
  2 fire giant zombies
  A frost giant zombie (Depths:1)
  A spectral ettin (Tar:4)
  11 shining eyes
  A spectral alligator snapping turtle (Tar:2)
  3 worldbinders (Abyss:3)
  15 cyclopes
  A guardian serpent (shapeshifter) (D:14)
  25 moths of wrath
  3 spectral centaurs
  A frost giant skeleton (Vaults:2)
  17 salamanders
  13 elephants
  An elephant (shapeshifter) (Elf:2)
  A dire elephant zombie (Crypt:3)
  8 demonic crawlers
  2 stone giant skeletons
  23 orange demons (Pan)
  11 black mambas
  Maurice (D:10)
  5 merfolk sirens
  6 rust devils
  13 water nymphs
  18 vault sentinels
  A storm dragon simulacrum (Coc:1)
  A centaur skeleton (Pan)
  4 titan simulacra
  4 gargoyles
  7 ice statues
  4 torpor snails
  15 cane toads
  27 smoke demons (Pan)
  2 unseen horrors (Pan)
  9 eyes of devastation
  A white draconian zombie (Crypt:3)
  33 hellions
  9 spectral swamp worms (Tar:7)
  A kobold demonologist (D:11)
  2 sea snake zombies (Hell)
  2 komodo dragons (shapeshifter)
  16 efreet
  10 freezing wraiths
  31 yaktaurs
  A pale draconian skeleton (Crypt:2)
  4 bunyip simulacra
  An alligator snapping turtle skeleton (Crypt:3)
  2 tengu conjurers (Depths:2)
  16 tormentors
  3 anaconda simulacra
  11 ice devils
  10 rime drakes
  A grey draconian skeleton (Crypt:2)
  8 komodo dragons
  2 burning bushes (Lair:1)
  A minotaur skeleton (Crypt:3)
  5 guardian mummies
  28 merfolk
  3 spectral harpies
  An iron troll skeleton (Crypt:2)
  3 red devils
  A hydra zombie (Hell)
  A wind drake (Shoals:2)
  3 meliai (Spider:3)
  23 hellwings (Pan)
  16 polar bears
  A sea snake skeleton (Hell)
  3 silent spectres
  19 trolls
  5 blink frogs
  5 harpy skeletons (Pan)
  10 hornets
  19 tarantellas
  An iron dragon simulacrum (Coc:1)
  An ettin zombie (Vaults:2)
  5 snapping turtles
  A fire dragon skeleton (Pan)
  114 slime creatures
  2 stone giant simulacra
  5 dream sheep (Lair:4)
  3 spriggan skeletons
  24 culicivoras
  20 jumping spiders
  29 ynoxinuls
  3 shadows
  30 yaks
  A dire elephant simulacrum (Coc:3)
  An alligator skeleton (Crypt:2)
  12 flying skulls
  2 ushabtiu
  An air elemental (Elf:2)
  6 vampires
  4 wyverns
  11 wraiths
  2 black mamba skeletons
  An ettin skeleton (Vaults:2)
  21 water elementals
  4 fire bats (Pan)
  6 hogs (Shoals:1)
  A human (shapeshifter) (Vaults:5)
  63 redbacks
  10 spriggans
  Grum (D:11)
  3 golden eyes (Pan)
  7 basilisks
  4 steam dragons
  2 fire elementals
  19 chaos spawn (Pan)
  10 vampire mosquitoes
  A fire bat zombie (Crypt:1)
  18 neqoxecs (Pan)
  6 wargs
  An acid dragon (shapeshifter) (Depths:3)
  A glowing shapeshifter zombie (Vaults:2)
  8 harpy simulacra
  A swamp worm (D:9)
  A human zombie (D:15)
  2 hydra simulacra
  3 acid dragons
  A naga (Zig:4)
  A faun skeleton (Crypt:3)
  A water nymph skeleton (Crypt:1)
  13 water moccasins
  6 hell hounds
  2 floating eyes (Pan)
  9 black bears
  2 swamp drakes (Lair:5)
  3 great orb of eyes simulacra (IceCv)
  A black mamba simulacrum (Coc:2)
  37 orc warriors
  2 sky beasts
  2 ettin simulacra
  2 alligator simulacra (Spider:1)
  A hornet zombie (Crypt:1)
  2 boggarts
  14 ogres
  20 wolves
  12 centaurs
  5 starcursed masses (Abyss:1)
  5 slime creature simulacra (IceCv)
  A snapping turtle skeleton (Crypt:1)
  3 phantoms
  3 lemures (D:7)
  Blork the orc (D:4)
  A nameless horror (Tar:7)
  4 kobold brigands
  7 bullfrogs
  3 deep troll simulacra (Spider:1)
  2 gnoll sergeants
  A wyvern zombie (Crypt:2)
  2 earth elementals
  2 necrophages
  A cyclops zombie (Crypt:3)
  An elf skeleton (Crypt:1)
  4 glowing shapeshifter simulacra (IceCv)
  A tengu zombie (D:15)
  4 wights
  A killer bee (D:7)
  3 electric eels
  5 howler monkeys
  4 lava snakes
  7 hounds
  2 jellies
  Crazy Yiuf (D:3)
  19 orc priests
  3 gnoll boudas
  2 human skeletons (Crypt:1)
  4 iguanas
  30 orc wizards
  5 sleepcaps
  11 hell rats (Hell)
  An ogre skeleton (Crypt:2)
  11 mummies
  Robin (D:4)
  32 gnolls
  4 adders
  A shadow imp (D:8)
  A white imp (D:6)
  An ufetubus (Abyss:1)
  A dart slug (D:1)
  103 orcs
  4 endoplasms
  A giant cockroach (D:4)
  19 goblins
  12 hobgoblins
  6 jackals
  6 quokkas
  6 ball pythons
  7 bats
  A dart slug zombie (Crypt:3)
  6 frilled lizards
  A giant cockroach zombie (Crypt:2)
  17 kobolds
  A kobold skeleton (Crypt:2)
  5 rats
  17 ball lightnings (Pan)
  A butterfly (D:10)
  7 creeping infernos
  38 fire vortices
  23 tentacles
3937 creatures vanquished.

Vanquished Creatures (collateral kills)
  Ereshkigal (Tar:7)
  the Serpent of Hell (Tar:7)
  3 profane servitors (Tar:7)
  A nargun (Coc:2)
  A shard shrike simulacrum (Coc:4)
  A frost giant (Coc:2)
  A juggernaut simulacrum (Coc:4)
  9 flying skulls (Gauntlet)
  An iron dragon simulacrum (Coc:4)
  An ettin simulacrum (Tar:2)
20 creatures vanquished.

Vanquished Creatures (others)
  A shard shrike (Coc:2)
  A titan (Pan)
  4 eldritch tentacles
  A storm dragon (shapeshifter) (Vaults:5)
  2 fire giants (Vaults:5)
  A shard shrike simulacrum (Coc:1)
  An ironbound thunderhulk (Vaults:4)
  A war gargoyle (Dis:7)
  A demonspawn blood saint (Pan)
  A merfolk impaler (Zig:7)
  A hydra (Zig:8)
  A sixfirhy (Pan)
  A goliath frog (Zig:8)
  A deep elf zephyrmancer (Elf:1)
  An ugly thing (Vaults:4)
  A shining eye (Pan)
  A black mamba (Lair:5)
  A yaktaur (Vaults:4)
  2 hellwings (Pan)
  A bloated husk (Zig:8)
  A merfolk (Zig:7)
  A golden eye (Pan)
  A black mamba skeleton (Crypt:3)
  A large abomination (Pan)
  A chaos spawn (Pan)
  A neqoxec (Pan)
  An ogre (Zot:4)
  An orc priest (Orc:2)
  10 ball lightnings (Pan)
  2 creeping infernos
  3 fire vortices
  2 starspawn tentacles (Pan)
  112 tentacles
162 creatures vanquished.

Grand Total: 4119 creatures vanquished

Notes
Turn   | Place    | Note
-------+----------+-------------------------------------------
     0 | D:1      | cdecastro the Armataur Warper began the quest for the Orb.
     0 | D:1      | Reached XP level 1. HP: 18/18 MP: 3/3
   238 | D:1      | Reached XP level 2. HP: 22/25 MP: 4/4
   793 | D:1      | Reached XP level 3. HP: 28/31 MP: 5/5
  1479 | D:1      | Prayed at the altar of an unknown god.
  1479 | D:1      | Became a worshipper of Trog the Wrathful
  1479 | D:1      | Reached * piety under Trog
  1841 | D:3      | Reached XP level 4. HP: 7/38 MP: 6/6
  2132 | D:3      | Found an opulent altar of Gozag.
  2173 | D:3      | Found a runed translucent door.
  2174 | D:3      | Noticed Crazy Yiuf
  2280 | D:3      | Found a stormy altar of Qazlal.
  2482 | D:3      | Reached XP level 5. HP: 19/43 MP: 7/7
  2820 | D:3      | Found a glowing golden altar of the Shining One.
  3032 | D:3      | Killed Crazy Yiuf
  3181 | D:4      | Found a snail-covered altar of Cheibriados.
  3186 | D:4      | Found a shimmering blue altar of Sif Muna.
  3191 | D:4      | Noticed a phantom
  3210 | D:4      | Killed a phantom
  3211 | D:4      | Reached skill level 5 in Maces & Flails
  3212 | D:4      | Reached XP level 6. HP: 34/51 MP: 8/8
  3307 | D:4      | Noticed Robin
  3384 | D:4      | Killed Robin
  3387 | D:4      | Reached ** piety under Trog
  3461 | D:4      | Noticed Blork the orc
  3467 | D:4      | Killed Blork the orc
  3633 | D:4      | Found a staircase to the Ecumenical Temple.
  3979 | Temple   | Entered the Ecumenical Temple
  4259 | D:5      | Entered Level 5 of the Dungeon
  4314 | D:5      | Reached XP level 7. HP: 34/56 MP: 9/9
  4559 | D:5      | Found a basalt altar of Yredelemnul.
  4767 | D:5      | Identified the +11 dagger "Orb Guardian's Bane" {drain,
                  | Fragile Fly rN++ SInv}
  4869 | D:5      | Found a broken altar of Ashenzari.
  4869 | D:5      | Found an ornate altar of the Wu Jian Council.
  6225 | D:6      | Noticed a steam dragon
  6232 | D:6      | Killed a steam dragon
  6287 | D:6      | HP: 2/56 [gnoll sergeant/+0 spear (4)]
  6320 | D:6      | Reached XP level 8. HP: 14/64 MP: 10/10
  6820 | D:6      | Found a radiant altar of Vehumet.
  7310 | D:7      | Found a bloodstained altar of Trog.
  7591 | D:7      | Noticed Pikel
  7619 | D:7      | Killed Pikel
  7674 | D:7      | Reached XP level 9. HP: 73/77 MP: 11/11
  7781 | D:7      | Found a transporter.
  7785 | D:7      | Noticed croobank's ghost (novice GnMo)
  7786 | D:7      | Found a transporter.
  7794 | D:7      | Reached skill level 5 in Fighting
  7852 | D:7      | Reached skill level 10 in Maces & Flails
  8538 | D:7      | Found a sparkling altar of Nemelex Xobeh.
  8630 | D:8      | Found a blossoming altar of Fedhas.
  8665 | D:8      | HP: 5/120 [centaur/arrow (10)]
  8667 | D:7      | HP: 2/80 [poisoned by a water moccasin]
  8921 | D:8      | Identified the staff of conjuration "Pinane Kodgh" {Dex+4}
  9225 | D:8      | Found a flagged portal.
  9233 | Bailey   | Entered a bailey
  9368 | Bailey   | Reached *** piety under Trog
  9375 | Bailey   | Noticed an orc knight
  9495 | Bailey   | Noticed an orc knight
  9676 | Bailey   | Killed an orc knight
  9841 | Bailey   | Killed an orc knight
  9842 | Bailey   | Reached XP level 10. HP: 70/94 MP: 12/12
 10981 | D:9      | Found a staircase to the Orcish Mines.
 10982 | D:9      | Noticed a two-headed ogre
 11127 | D:9      | HP: 6/145 [gnoll/+0 halberd[a gnoll bouda] (4)]
 11868 | D:9      | Noticed a two-headed ogre
 11886 | D:9      | Killed a two-headed ogre
 11982 | D:9      | a two-headed ogre changed into a swamp worm
 12250 | D:10     | Entered Level 10 of the Dungeon
 12288 | D:10     | Reached **** piety under Trog
 12617 | D:10     | Found a shimmering altar of Xom.
 12691 | D:10     | Reached skill level 10 in Fighting
 12865 | D:10     | Noticed Nergalle
 12877 | D:10     | Killed Nergalle
 13615 | D:10     | Reached XP level 11. HP: 81/108 MP: 13/13
 13936 | D:10     | Noticed Maurice
 13953 | D:10     | Killed Maurice
 14590 | D:11     | Noticed Grum
 14877 | D:11     | Killed Grum
 15055 | D:11     | Found a staircase to the Lair.
 15093 | D:11     | Reached skill level 5 in Armour
 15940 | D:11     | Noticed a boulder beetle
 15965 | D:11     | Killed a boulder beetle
 16075 | D:11     | Found a hide-covered altar of Uskayaw.
 16084 | D:11     | Reached ***** piety under Trog
 16691 | Lair:1   | Entered Level 1 of the Lair of Beasts
 16691 | Lair:1   | Noticed Erica
 16892 | Lair:1   | Killed Erica
 17219 | Lair:1   | Reached XP level 12. HP: 37/115 MP: 14/14
 17552 | Lair:1   | Reached skill level 10 in Armour
 18812 | Lair:2   | Found a gate leading to a gauntlet.
 18823 | Gauntlet | Entered a Gauntlet
 18823 | Gauntlet | Found a large runed translucent door.
 18823 | Gauntlet | Found a large runed translucent door.
 18823 | Gauntlet | Found a large runed translucent door.
 18823 | Gauntlet | Found a large runed translucent door.
 18823 | Gauntlet | Found a large runed translucent door.
 18823 | Gauntlet | Found a large runed translucent door.
 18823 | Gauntlet | Found a runed translucent door.
 18823 | Gauntlet | Found a transporter.
 18823 | Gauntlet | Found a runed translucent door.
 18823 | Gauntlet | Found a large runed translucent door.
 18823 | Gauntlet | Found a large runed translucent door.
 18823 | Gauntlet | Found a large runed translucent door.
 18823 | Gauntlet | Found a large runed translucent door.
 18823 | Gauntlet | Found a large runed translucent door.
 18823 | Gauntlet | Found a large runed translucent door.
 18832 | Gauntlet | Found a runed translucent door.
 18832 | Gauntlet | Found a transporter.
 18835 | Gauntlet | Noticed a hell beast
 18847 | Gauntlet | Found a runed translucent door.
 18849 | Gauntlet | Found a transporter.
 18853 | Gauntlet | Found a transporter.
 18877 | Gauntlet | Found a transporter.
 18887 | Gauntlet | Found a transporter.
 18901 | Gauntlet | Found a transporter.
 18901 | Gauntlet | Noticed a hell beast
 18930 | Gauntlet | Found a transporter.
 18930 | Gauntlet | Found a transporter.
 18935 | Gauntlet | Found a transporter.
 18955 | Gauntlet | Found a large runed translucent door.
 18955 | Gauntlet | Found a large runed translucent door.
 18956 | Gauntlet | Found a runed translucent gate.
 18966 | Gauntlet | Found a runed translucent door.
 18968 | Gauntlet | Found a transporter.
 18968 | Gauntlet | Found a transporter.
 18968 | Gauntlet | Found a runed translucent gate.
 18969 | Gauntlet | Found a runed translucent gate.
 18972 | Gauntlet | Found a runed translucent door.
 18997 | Gauntlet | Found a large runed translucent door.
 18997 | Gauntlet | Found a large runed translucent door.
 19079 | Gauntlet | Identified the +0 pair of gloves of Qinn {SInv}
 19370 | Gauntlet | Identified the +1 pair of gloves of Valiance {Rampage Drain
                  | Str-5 Int+8}
 19565 | Gauntlet | Identified the ring "Joututomn" {rF+ rN+ Str+6}
 19565 | Gauntlet | Noticed a minotaur
 19581 | Gauntlet | Killed a minotaur
 19587 | Gauntlet | Identified the +1 pair of boots "Ogoul" {Int+2}
 19587 | Gauntlet | Identified the ring of Sunlight {rF+ rCorr Slay+2}
 19587 | Gauntlet | Identified the staff of cold "Warphen" {+Blink rElec rC+
                  | rCorr}
 19588 | Gauntlet | Got Miudgh's Dissertation on Excruciating Clouds
 19588 | Gauntlet | Got the Directory of Heavy Flame
 19808 | Lair:2   | Noticed Harold
 19829 | Lair:2   | Killed Harold
 20229 | Lair:2   | Found a hole to the Spider Nest.
 20683 | Lair:2   | Noticed a seven-headed hydra
 20689 | Lair:2   | Killed a seven-headed hydra
 21055 | Lair:2   | Reached XP level 13. HP: 120/121 MP: 15/15
 21291 | Lair:3   | Found a snail-covered altar of Cheibriados.
 21440 | Lair:3   | Found a dark tunnel.
 21451 | Volcano  | Entered a volcano
 21711 | Volcano  | Found a bloodstained altar of Trog.
 21714 | Volcano  | Noticed a red draconian
 21721 | Volcano  | Reached skill level 15 in Armour
 21736 | Volcano  | Killed a red draconian
 23077 | Lair:3   | Found a staircase to the Shoals.
 23251 | Lair:4   | Identified the ring of Yloxup {Will+ rCorr}
 23753 | Lair:4   | Found a staircase to the Slime Pits.
 23753 | Lair:4   | Found a viscous altar of Jiyva.
 24336 | Lair:5   | Entered Level 5 of the Lair of Beasts
 24668 | Lair:4   | Received a gift from Trog
 24789 | Lair:5   | Reached skill level 15 in Maces & Flails
 24899 | Lair:4   | Reached skill level 1 in Evocations
 24899 | Lair:4   | Reached XP level 14. HP: 119/132 MP: 16/16
 25312 | Lair:5   | Reached skill level 5 in Evocations
 26784 | Lair:5   | Noticed Josephine
 26791 | Lair:5   | Killed Josephine
 26854 | Lair:5   | Reached skill level 10 in Evocations
 27732 | D:7      | Killed croobank's ghost
 28946 | D:13     | Reached XP level 15. HP: 117/139 MP: 17/17
 29190 | D:13     | Received a gift from Trog
 29352 | D:13     | Found Kunweniq's Antique Weapon Shop.
 30114 | D:14     | Noticed Roxanne
 31652 | D:14     | Found a gate to the Vaults.
 31860 | D:15     | Entered Level 15 of the Dungeon
 31889 | D:15     | Found an opulent altar of Gozag.
 32728 | D:15     | Reached skill level 1 in Shields
 33004 | D:15     | Found a staircase to the Depths.
 33458 | D:15     | Reached skill level 5 in Shields
 33849 | Orc:1    | Entered Level 1 of the Orcish Mines
 33950 | Orc:1    | Received a gift from Trog
 34759 | Orc:2    | Entered Level 2 of the Orcish Mines
 35131 | Orc:2    | Found Oclosol's Distillery.
 35131 | Orc:2    | Found Goagy's Magic Scroll Shop.
 35133 | Orc:2    | Found Veterema's Antique Armour Shop.
 35134 | Orc:2    | Found Pinucam's Assorted Antiques.
 35446 | Orc:2    | Reached ****** piety under Trog
 35919 | Orc:2    | Identified the +13 demon whip of Comis {flame, rElec Dex+6}
                  | (Trog gifted it to you on level 2 of the Orcish Mines)
 35919 | Orc:2    | Received a gift from Trog
 35923 | Orc:2    | HP: 6/139 [poisoned by an orange demon]
 36414 | Orc:2    | Found a staircase to the Elven Halls.
 36460 | Orc:2    | Gained mutation: Your magical capacity is low. (-10% MP) [a
                  | neqoxec]
 36527 | Orc:2    | Bought a potion of berserk rage for 90 gold pieces
 36574 | Orc:2    | Identified 3 scrolls of acquirement
 36574 | Orc:2    | Acquired a +1 eveningstar of protection
 36712 | Orc:2    | Bought a scroll of identify for 32 gold pieces
 36712 | Orc:2    | Bought a scroll of identify for 32 gold pieces
 36712 | Orc:2    | Bought a scroll of identify for 32 gold pieces
 36712 | Orc:2    | Bought a scroll of identify for 32 gold pieces
 36947 | Orc:2    | Reached XP level 16. HP: 145/148 MP: 16/16
 37124 | Orc:2    | Bought a scroll of fog for 64 gold pieces
 37130 | Orc:2    | Acquired the +1 barding of Reason {Will+ Int+3}
 37132 | Orc:2    | Acquired a manual of Maces & Flails
 37173 | Orc:2    | Bought a scroll of acquirement for 1300 gold pieces
 37175 | Orc:2    | Acquired the +8 orange crystal plate armour {Archmagi,
                  | Int+3 Clar}
 37175 | Orc:2    | Found the +8 orange crystal plate armour {Archmagi, Int+3
                  | Clar}
 37488 | Shoals:1 | Entered Level 1 of the Shoals
 38053 | Shoals:1 | Noticed Kirke
 38106 | Shoals:1 | Received a gift from Trog
 38128 | Shoals:1 | Killed Kirke
 39005 | Shoals:2 | Found a transporter.
 39007 | Shoals:2 | Found a transporter.
 39018 | Shoals:2 | Found a transporter.
 39018 | Shoals:2 | Found a transporter.
 39025 | Shoals:2 | Found a transporter.
 39155 | Shoals:2 | Found a transporter.
 40489 | Shoals:2 | Received a gift from Trog
 41023 | Shoals:4 | Entered Level 4 of the Shoals
 41023 | Shoals:4 | Found Celugeh's Distillery.
 41081 | Shoals:4 | Noticed a kraken
 41081 | Shoals:4 | Noticed a kraken
 41081 | Shoals:4 | Noticed a kraken
 41081 | Shoals:4 | Noticed a kraken
 41180 | Shoals:4 | Killed a kraken
 41400 | Shoals:4 | Killed a kraken
 41404 | Shoals:4 | Killed a kraken
 41648 | Shoals:4 | Killed a kraken
 43839 | Shoals:4 | Reached XP level 17. HP: 156/156 MP: 17/17
 44525 | Shoals:4 | Got a barnacled rune of Zot
 45009 | Spider:1 | Entered Level 1 of the Spider Nest
 45016 | Spider:1 | Received a gift from Trog
 45472 | Spider:1 | Found a frozen archway.
 45570 | IceCv    | Entered an ice cave
 45789 | IceCv    | Received a gift from Trog
 45810 | IceCv    | Got the ring of Youthful Indiscretion {rPois rC+ Str+3
                  | Slay-5}
 45890 | IceCv    | Reached skill level 10 in Shields
 46317 | IceCv    | Found a viscous altar of Jiyva.
 46520 | IceCv    | Identified the amulet of Fajaf {Reflect +Inv Slay+2 SH+5}
 47104 | Spider:1 | Received a gift from Trog
 48478 | Spider:2 | Received a gift from Trog
 48719 | Spider:3 | Reached XP level 18. HP: 165/167 MP: 18/18
 49226 | Spider:3 | Found a transporter.
 49668 | Spider:3 | Got Qusenew's Directory of Arctic Transition
 49674 | Spider:3 | Noticed Abrupouw's ghost (adept HOMo)
 49699 | Spider:3 | Reached skill level 15 in Shields
 49794 | Spider:3 | Found a transporter.
 49805 | Spider:3 | Noticed Mara
 49853 | Spider:3 | Noticed cdecastro's illusion
 49884 | Spider:3 | Noticed cdecastro's illusion
 50114 | Spider:3 | Noticed cdecastro's illusion
 50123 | Spider:3 | Noticed cdecastro's illusion
 50136 | Spider:3 | Killed Mara
 50608 | Spider:3 | Received a gift from Trog
 50753 | Spider:3 | Killed Abrupouw's ghost
 50756 | Spider:3 | Identified the +0 pair of gloves of Ennui {Fly rPois Will++
                  | Int-4}
 50770 | Spider:3 | Identified the ring "Evvuts" {rF+ Str+3 Int+2}
 50850 | Spider:4 | Entered Level 4 of the Spider Nest
 51823 | Spider:4 | Received a gift from Trog
 52537 | Spider:4 | Got a gossamer rune of Zot
 52549 | Spider:4 | Identified the +4 pair of gloves "Taojol" {*Corrode rElec
                  | Will+ Slay+4}
 52982 | Elf:1    | Entered Level 1 of the Elven Halls
 53289 | Elf:1    | Found Fugikkod's Tremendous Tomes.
 53352 | Elf:1    | Received a gift from Trog
 53760 | Elf:1    | Identified the +9 falchion of Ciriv {venom, +Blink Will+
                  | Int-5 Dex+2}
 53821 | Elf:1    | Found Raatz's Antique Weapon Emporium.
 53901 | Elf:1    | Reached XP level 19. HP: 174/174 MP: 19/19
 53999 | Elf:1    | Received a gift from Trog
 54265 | Elf:2    | Identified the +0 helmet of Melancholy {Str+5}
 54443 | Elf:2    | Found Tibeon's Weapon Boutique.
 54463 | Elf:2    | Paralysed by an air elemental for 1 turns
 54471 | Elf:2    | Paralysed by an air elemental for 1 turns
 54850 | Elf:2    | Found a gateway to a bazaar.
 55196 | Elf:2    | Found a runed translucent gate.
 55219 | Elf:2    | Found a runed translucent gate.
 55219 | Elf:2    | Found a runed translucent gate.
 55758 | Depths:1 | Entered Level 1 of the Depths
 55917 | Depths:1 | Identified the +0 pair of gloves "Cionta" {+Blink rF-
                  | Stlth+}
 56119 | Depths:1 | Reached skill level 15 in Evocations
 56703 | Depths:1 | Found a one-way gateway to a ziggurat.
 56786 | Depths:1 | Received a gift from Trog
 57446 | Depths:1 | Found a gateway to Hell.
 57739 | Depths:2 | Found a one-way gate leading to the halls of Pandemonium.
 57859 | Depths:2 | Noticed Sojobo
 57883 | Depths:1 | Killed Sojobo
 58398 | Depths:2 | Received a gift from Trog
 58442 | Depths:2 | Reached XP level 20. HP: 164/182 MP: 20/20
 58786 | Depths:2 | Found a broken altar of Ashenzari.
 58834 | Depths:2 | Noticed the Enchantress
 58850 | Depths:2 | Killed the Enchantress
 59121 | Depths:2 | Received a gift from Trog
 59191 | Depths:2 | Noticed a juggernaut
 59215 | Depths:2 | Killed a juggernaut
 60088 | Depths:2 | You fall into a shaft and drop 1 floor!
 60339 | Depths:2 | Received a gift from Trog
 60619 | Depths:3 | Noticed Louise
 60649 | Depths:3 | Noticed a caustic shrike
 60652 | Depths:3 | Found a one-way gate to the infinite horrors of the Abyss.
 61319 | Depths:3 | Killed a caustic shrike
 61346 | Depths:3 | Killed Louise
 61615 | Depths:3 | Noticed a juggernaut
 61629 | Depths:3 | Killed a juggernaut
 62174 | Depths:3 | Identified the +6 dagger of Xuoratoi {venom, *Rage rElec
                  | rCorr Dex-3}
 62317 | Depths:3 | Received a gift from Trog
 62388 | Depths:3 | Identified the staff of death "Xywk" {rN+ Str+4 Dex-5}
 62396 | Depths:3 | Got the Vellum of Evolution and the Inferno
 62468 | Depths:3 | Reached skill level 15 in Fighting
 62468 | Depths:3 | Reached XP level 21. HP: 196/196 MP: 21/21
 62796 | Depths:3 | Found a hazy altar of Hepliaklqana.
 62807 | Depths:3 | Identified the +0 pair of gloves of the Wumpus {Str+5}
 63193 | Depths:4 | Entered Level 4 of the Depths
 63496 | Depths:3 | Received a gift from Trog
 64845 | Depths:4 | Found an ornate altar of the Wu Jian Council.
 64865 | Depths:4 | Noticed a golden dragon
 64875 | Depths:4 | Killed a golden dragon
 65101 | Depths:4 | Noticed a golden dragon
 65119 | Depths:4 | Noticed a golden dragon
 65122 | Depths:4 | Killed a golden dragon
 65134 | Depths:4 | Killed a golden dragon
 65232 | Depths:4 | Noticed a golden dragon
 65244 | Depths:4 | Noticed a golden dragon
 66164 | Depths:4 | Identified the +2 great mace of the Original Sin {heavy,
                  | rElec Str+6 Dex-2} (Trog gifted it to you on level 4 of the
                  | Depths)
 66164 | Depths:4 | Received a gift from Trog
 66324 | Depths:3 | Killed a golden dragon
 66806 | Depths:4 | Identified the +4 longbow of Daemeble {speed, Fly Str-3
                  | SInv}
 67001 | Depths:4 | Noticed a golden dragon
 67028 | Depths:4 | Killed a golden dragon
 67046 | Depths:4 | Killed a golden dragon
 67426 | Depths:4 | Identified the staff of air "Waxt" {rElec Dex+2}
 67456 | Depths:4 | Noticed a golden dragon
 67457 | Depths:4 | Found a gate to the Realm of Zot.
 67468 | Depths:4 | Killed a golden dragon
 67691 | Depths:4 | Got the Book of Indurated Voltage
 67958 | Vaults:1 | Entered Level 1 of the Vaults
 68068 | Vaults:1 | Reached XP level 22. HP: 218/218 MP: 22/22
 68274 | Vaults:1 | Noticed Donald
 68287 | Vaults:1 | Killed Donald
 68645 | Vaults:1 | Received a gift from Trog
 69218 | Vaults:1 | Noticed Saint Roka
 69247 | Vaults:1 | Killed Saint Roka
 70252 | Vaults:2 | Received a gift from Trog
 70296 | Vaults:2 | Noticed Bai Suzhen
 70306 | Vaults:2 | Killed Bai Suzhen
 70776 | Vaults:2 | Noticed Xtahua
 70795 | Vaults:2 | Killed Xtahua
 71624 | Vaults:3 | Found a staircase to the Crypt.
 71709 | Vaults:3 | Received a gift from Trog
 71806 | Vaults:3 | Noticed Asterion
 71815 | Vaults:3 | Killed Asterion
 72462 | Vaults:3 | Received a gift from Trog
 72795 | Vaults:3 | Reached XP level 23. HP: 230/230 MP: 23/23
 72951 | Vaults:3 | Noticed Jory
 72971 | Vaults:3 | Killed Jory
 73611 | Vaults:4 | Received a gift from Trog
 73851 | Vaults:4 | Noticed Boris
 73864 | Vaults:4 | Killed Boris
 74000 | Vaults:4 | Found a runed translucent door.
 74002 | Vaults:4 | Noticed crisisinutopia's ghost (adept MiFi)
 74031 | Vaults:4 | Killed crisisinutopia's ghost
 74040 | Vaults:4 | Got Jorgrun's Directory of the Cwm
 74127 | Vaults:4 | Found Voneadis's Magic Scroll Emporium.
 74130 | Vaults:4 | Bought a scroll of blinking for 120 gold pieces
 74538 | Vaults:4 | Received a gift from Trog
 75498 | Elf:3    | Entered Level 3 of the Elven Halls
 76311 | Elf:3    | Received a gift from Trog
 76421 | Elf:3    | Gained mutation: You have sharp fingernails. [a neqoxec]
 76723 | Elf:3    | Identified the ring of Foolhardiness {rPois rC+}
 76792 | Elf:3    | Identified the +1 broad axe of the Changing Fool {protect,
                  | rC+}
 76866 | Elf:3    | Identified the +7 short sword "Dessaec" {holy, Int+4}
 76952 | Elf:3    | Identified the amulet of Wup Zut {Acrobat Regen+}
 77121 | Elf:3    | Identified the +4 rapier "Taapizij" {heavy, *Slow rElec
                  | rPois Int+4}
 77121 | Elf:3    | Identified the amulet of Bexzou {rF++ Regen+ MP+9 Str-2
                  | Slay+2}
 77237 | Elf:3    | Identified the +9 morningstar of Upno {elec, rElec rF+++
                  | rC- Str+3 Dex-2}
 77370 | Elf:3    | Identified the ring of Elyvilon's Benevolence {rPois Will+
                  | Dex+3 Slay+3}
 77382 | Elf:3    | Received a gift from Trog
 77434 | Elf:3    | Got Haikh's Quarto of the Productive Traveller
 77435 | Elf:3    | Identified the staff of conjuration "Ungeok" {Fragile rN++
                  | Str+4 SInv}
 77537 | Elf:3    | Identified the +0 pair of gloves of Wehaapt {Will+ Int+3
                  | Dex+3 Slay-5}
 77538 | Elf:3    | Identified the +5 sling of Kofunoic {flame, rC+}
 78063 | D:14     | Killed Roxanne
 79370 | Vaults:5 | Entered Level 5 of the Vaults
 79372 | Vaults:5 | Noticed an ancient lich
 79380 | Vaults:5 | Reached XP level 24. HP: 159/239 MP: 23/23
 79624 | Vaults:5 | Identified the +6 glaive "Jokhaq" {pain, Fly Will+++ rCorr
                  | Int-3}
 79632 | Vaults:5 | Killed an ancient lich
 79675 | Vaults:5 | Received a gift from Trog
 79978 | Vaults:5 | Noticed an ancient lich
 79989 | Vaults:5 | Killed an ancient lich
 80193 | Vaults:5 | Found the +10 zealot's sword {holy, Zealotry, *Rage rN+
                  | EV+3}
 81318 | Vaults:5 | Received a gift from Trog
 81853 | Vaults:5 | Identified the +12 long sword "Umairiur" {holy, Fly Dex+2}
 81975 | Vaults:5 | Got Lom Lobon's Monograph on the Volley
 82167 | Vaults:5 | Identified the +0 helmet "Fyoc Mox" {Harm Rampage Str+2
                  | Stlth+}
 82256 | Vaults:5 | Identified the staff of conjuration "Puidyofy" {rF+}
 82305 | Vaults:5 | Got a silver rune of Zot
 82633 | Vaults:5 | Acquired the ring "Igeshruel" {rN+ SInv}
 82879 | D:15     | Fell from the grace of Trog
 82879 | D:15     | Became a worshipper of Gozag Ym Sagoz the Greedy
 83217 | Crypt:1  | Entered Level 1 of the Crypt
 83320 | Crypt:1  | Identified the +4 hand axe of Regicide {freeze, Dex+2}
 83372 | Crypt:1  | Reached skill level 5 in Translocations
 83777 | Crypt:1  | Noticed Frederick
 83783 | Crypt:1  | Killed Frederick
 83827 | Crypt:1  | You fall into a shaft and drop 1 floor!
 84309 | Crypt:1  | Paralysed by Trog for 3 turns
 84518 | Crypt:2  | Noticed Margery
 84805 | Crypt:1  | Killed Margery
 85114 | Crypt:2  | Reached XP level 25. HP: 240/240 MP: 23/23
 85248 | Crypt:2  | Reached skill level 10 in Translocations
 86255 | Crypt:3  | Entered Level 3 of the Crypt
 86354 | Crypt:2  | Learned a level 2 spell: Blink
 86357 | Crypt:2  | Learned a level 2 spell: Lesser Beckoning
 86361 | Crypt:2  | Learned a level 3 spell: Gell's Gravitas
 86366 | Crypt:2  | Learned a level 4 spell: Manifold Assault
 87829 | Crypt:3  | Found a staircase to the Tomb.
 87888 | Crypt:3  | Found a basalt altar of Yredelemnul.
 87919 | Crypt:3  | Noticed a dread lich
 87930 | Crypt:3  | Killed a dread lich
 87945 | Crypt:3  | Found an ancient bone altar of Kikubaaqudgha.
 87945 | Crypt:3  | Found the +7 great mace "Undeadhunter" {deathbane, rN+}
 88052 | Crypt:3  | Identified the ring "Syasu" {rF- rN+ MP+9 Str+6}
 88052 | Crypt:3  | Identified the ring of the Middle {rN+ rCorr Int+6}
 88052 | Crypt:3  | Identified the ring "Lutwupp" {rF++ rN+ Will++}
 88364 | D:15     | Learned a level 4 spell: Passage of Golubria
 88444 | Zot:1    | Entered Level 1 of the Realm of Zot
 88765 | Zot:1    | Reached skill level 15 in Translocations
 88933 | Zot:1    | Identified the +10 war axe of the Establishment {venom,
                  | Contam +Blink rC+ Str+3}
 89457 | Zot:1    | Identified the +2 sling "Ogo Peh" {freeze, rElec Int+5}
 89619 | Zot:1    | Reached skill level 5 in Spellcasting
 92034 | Zot:2    | Reached XP level 26. HP: 154/255 MP: 31/31
 95558 | Zot:3    | Reached skill level 10 in Spellcasting
 98532 | Zot:5    | Entered Level 5 of the Realm of Zot
 99301 | Zot:5    | Noticed an orb of fire
 99599 | Zot:5    | Noticed an orb of fire
 99601 | Zot:5    | Noticed an orb of fire
 99601 | Zot:5    | Gained mutation: Your body sometimes deteriorates upon
                  | taking damage. [an orb of fire]
 99603 | Zot:5    | Noticed an orb of fire
 99605 | Zot:5    | Gained mutation: Your spells are a little easier to cast,
                  | but a little less powerful. [an orb of fire]
 99607 | Zot:5    | Gained mutation: You are clumsy. (Dex -2) [an orb of fire]
 99613 | Zot:5    | Killed an orb of fire
 99616 | Zot:5    | Gained mutation: You occasionally lose the ability to read
                  | scrolls when taking damage. [an orb of fire]
 99617 | Zot:5    | Killed an orb of fire
 99619 | Zot:5    | Killed an orb of fire
 99718 | Zot:5    | Noticed a dread lich
 99825 | Zot:5    | Paralysed by Trog for 2 turns
 99945 | Zot:5    | Noticed an orb of fire
 99952 | Zot:5    | Gained mutation: You are frail. (-10% HP) [an orb of fire]
 99965 | Zot:5    | Killed an orb of fire
 99971 | Zot:5    | Killed a dread lich
 99975 | Zot:5    | Killed an orb of fire
100404 | Zot:5    | Was forgiven by Trog
100504 | Zot:5    | Noticed an orb of fire
100514 | Zot:5    | Noticed an orb of fire
100520 | Zot:5    | Killed an orb of fire
100538 | Zot:5    | Killed an orb of fire
100839 | Zot:5    | Reached XP level 27. HP: 250/250 MP: 33/33
101292 | Zot:5    | Noticed a dread lich
101295 | Zot:5    | Killed a dread lich
101333 | Zot:5    | Learned a level 3 spell: Vhi's Electric Charge
101433 | Zot:5    | Noticed a dread lich
101434 | Zot:5    | Noticed an orb of fire
101447 | Zot:5    | Gained mutation: Your spells are easier to cast, but less
                  | powerful. [an orb of fire]
101450 | Zot:5    | Killed a dread lich
101899 | Zot:5    | Lost mutation: You are clumsy. (Dex -2) [an orb of fire]
101907 | Zot:5    | Killed an orb of fire
102837 | Slime:1  | Entered Level 1 of the Pits of Slime
103158 | Slime:5  | Entered Level 5 of the Pits of Slime
104379 | Slime:5  | Found a viscous altar of Jiyva.
104386 | Slime:5  | Noticed the Royal Jelly
104433 | Slime:5  | Killed the Royal Jelly
104456 | Slime:5  | Found the +12 pair of quick blades "Gyre" and "Gimble"
                  | {protect}
104474 | Slime:5  | Identified the ring of Pamn {Wiz rCorr Int+3 Stlth+}
104481 | Slime:5  | Got Evis's Omnibus of Tainted Outbursts
104510 | Slime:5  | Got a slimy rune of Zot
104522 | Slime:5  | Identified the +3 war axe "Transmigrator" {heavy, Drain
                  | rPois rC+ Int+6}
104525 | Slime:5  | Identified the +4 pair of gloves of New Discoveries {Will++
                  | Regen+ Stlth+}
104534 | Slime:5  | Identified the ring "Jukerie" {Fire Str+5 SInv}
104550 | Slime:5  | Identified the staff of death "Xeosezom" {rN+ Str-4 Dex+6}
104567 | Slime:5  | Identified the +1 pair of gloves of Ihoog {rPois Will+++
                  | Int-4 Stlth+}
104695 | Slime:5  | Identified the +1 short sword of Soisio Dutec {holy, rF-
                  | rC++ Will+}
105185 | D:15     | Learned a level 8 spell: Disjunction
105258 | Depths:3 | Voluntarily entered the Abyss.
105337 | Abyss:1  | Found a corrupted altar of Lugonu.
105519 | Abyss:3  | Got an abyssal rune of Zot
105545 | Depths:3 | Escaped the Abyss
105546 | Depths:3 | Lost mutation: Your magical capacity is low. (-10% MP)
                  | [potion of mutation]
105546 | Depths:3 | Lost mutation: Your body sometimes deteriorates upon taking
                  | damage. [potion of mutation]
105546 | Depths:3 | Lost mutation: You are frail. (-10% HP) [potion of
                  | mutation]
105546 | Depths:3 | Lost mutation: Your spells are easier to cast, but less
                  | powerful. [potion of mutation]
105546 | Depths:3 | Lost mutation: Your spells are a little easier to cast, but
                  | a little less powerful. [potion of mutation]
105546 | Depths:3 | Lost mutation: You occasionally lose the ability to read
                  | scrolls when taking damage. [potion of mutation]
105546 | Depths:3 | Gained mutation: You have a pair of small antennae on your
                  | head. [potion of mutation]
105546 | Depths:3 | Gained mutation: You have supernaturally acute eyesight.
                  | (SInv) [potion of mutation]
105546 | Depths:3 | Gained mutation: You are agile. (Dex +4, Str/Int -1)
                  | [potion of mutation]
105546 | Depths:3 | Gained mutation: You occasionally lose the ability to drink
                  | potions when taking damage. [potion of mutation]
105546 | Depths:3 | Gained mutation: You have hidden genetic potential. [potion
                  | of mutation]
105547 | Depths:3 | Lost mutation: You have hidden genetic potential. [potion
                  | of mutation]
105547 | Depths:3 | Lost mutation: You have sharp fingernails. [potion of
                  | mutation]
105547 | Depths:3 | Lost mutation: You occasionally lose the ability to drink
                  | potions when taking damage. [potion of mutation]
105547 | Depths:3 | Lost mutation: You have supernaturally acute eyesight.
                  | (SInv) [potion of mutation]
105547 | Depths:3 | Lost mutation: You are agile. (Dex +4, Str/Int -1) [potion
                  | of mutation]
105547 | Depths:3 | Lost mutation: You have a pair of small antennae on your
                  | head. [potion of mutation]
105547 | Depths:3 | Gained mutation: You are agile. (Dex +4, Str/Int -1)
                  | [potion of mutation]
105547 | Depths:3 | Gained mutation: Your mind is acute. (Int +4, Str/Dex -1)
                  | [potion of mutation]
105547 | Depths:3 | Gained mutation: You are vulnerable to cold. (rC-) [potion
                  | of mutation]
105547 | Depths:3 | Gained mutation: A frigid envelope surrounds you and
                  | freezes all who hurt you. [potion of mutation]
105547 | Depths:3 | Gained mutation: You have large cloven feet. [potion of
                  | mutation]
105975 | Bazaar   | Entered a bazaar
105975 | Bazaar   | Found Loygiech's Jewellery Shop.
105975 | Bazaar   | Found Coovom's Book Shoppe.
105975 | Bazaar   | Found Zoiriyl's General Store.
105978 | Bazaar   | Found Wudocwabri's Distillery.
105978 | Bazaar   | Found Wecibbaf's General Store.
106017 | Bazaar   | Bought the ring "Iwitak" {rF- rN++ rCorr Slay+4} for 851
                  | gold pieces
106026 | Bazaar   | Bought a potion of cancellation for 88 gold pieces
106026 | Bazaar   | Bought a potion of might for 44 gold pieces
106026 | Bazaar   | Bought a scroll of immolation for 44 gold pieces
106031 | Bazaar   | Bought a potion of heal wounds for 75 gold pieces
106031 | Bazaar   | Bought a potion of resistance for 150 gold pieces
106031 | Bazaar   | Bought a potion of invisibility for 120 gold pieces
106031 | Bazaar   | Bought a potion of might for 60 gold pieces
106031 | Bazaar   | Bought a potion of resistance for 150 gold pieces
106033 | Bazaar   | Bought a potion of brilliance for 60 gold pieces
106728 | Orc:2    | Bought a potion of heal wounds for 90 gold pieces
106728 | Orc:2    | Bought a potion of mutation for 144 gold pieces
106728 | Orc:2    | Bought a potion of heal wounds for 90 gold pieces
106728 | Orc:2    | Bought a potion of invisibility for 144 gold pieces
106740 | Orc:2    | Bought a potion of heal wounds for 125 gold pieces
106740 | Orc:2    | Bought a potion of mutation for 200 gold pieces
106740 | Orc:2    | Bought a scroll of teleportation for 75 gold pieces
107178 | Zig:1    | Entered Level 1 of a ziggurat
107199 | Zig:2    | Entered Level 2 of a ziggurat
107219 | Zig:3    | Entered Level 3 of a ziggurat
107253 | Zig:4    | Entered Level 4 of a ziggurat
107312 | Zig:5    | Entered Level 5 of a ziggurat
107318 | Zig:5    | Noticed a royal mummy
107329 | Zig:5    | Killed a royal mummy
107572 | Zig:6    | Entered Level 6 of a ziggurat
107611 | Zig:6    | Noticed a royal mummy
107611 | Zig:6    | Noticed a royal mummy
107612 | Zig:6    | Found the +8 Vampire's Tooth {megavamp}
107619 | Zig:6    | Killed a royal mummy
107622 | Zig:6    | Killed a royal mummy
107732 | Zig:6    | Noticed a royal mummy
107842 | Zig:6    | Noticed a royal mummy
108140 | Zig:7    | Entered Level 7 of a ziggurat
108171 | Zig:7    | Reached skill level 27 in Maces & Flails
108231 | Zig:7    | Identified the amulet of Unameux {Acrobat Harm Str+3}
108257 | Zig:8    | Entered Level 8 of a ziggurat
108361 | Zig:9    | Entered Level 9 of a ziggurat
108876 | Shoals:4 | Bought a potion of heal wounds for 100 gold pieces
108876 | Shoals:4 | Bought a potion of curing for 60 gold pieces
108876 | Shoals:4 | Bought a potion of curing for 60 gold pieces
108876 | Shoals:4 | Bought a potion of mutation for 160 gold pieces
109232 | Hell     | Entered the Vestibule of Hell
109232 | Hell     | Noticed Geryon
109232 | Hell     | Found a gateway to the freezing wastes of Cocytus.
109718 | Hell     | Killed Geryon
110260 | Hell     | Found a gateway to the Iron City of Dis.
110366 | Hell     | Found a gateway to the ashen valley of Gehenna.
110472 | Hell     | Reached skill level 27 in Armour
110476 | Hell     | Found a gateway to the decaying netherworld of Tartarus.
110630 | Pan      | Entered Pandemonium
111203 | Pan      | Noticed Jurghaq the pandemonium lord
111233 | Pan      | Killed Jurghaq the pandemonium lord
111403 | Pan      | Found a runed translucent door.
111428 | Pan      | Found an exit through the horrors of the Abyss.
111594 | Pan      | Lost mutation: Your mind is acute. (Int +4, Str/Dex -1) [a
                  | neqoxec]
112001 | Pan      | Gained mutation: You are frail. (-10% HP) [a cacodemon]
112999 | Pan      | Noticed Kiso the pandemonium lord
113017 | Pan      | Killed Kiso the pandemonium lord
113349 | Pan      | Got a demonic rune of Zot
113372 | Pan      | Lost mutation: You are frail. (-10% HP) [potion of
                  | mutation]
113372 | Pan      | Lost mutation: You have large cloven feet. [potion of
                  | mutation]
113372 | Pan      | Lost mutation: You are vulnerable to cold. (rC-) [potion of
                  | mutation]
113372 | Pan      | Lost mutation: A frigid envelope surrounds you and freezes
                  | all who hurt you. [potion of mutation]
113372 | Pan      | Lost mutation: You are agile. (Dex +4, Str/Int -1) [potion
                  | of mutation]
113372 | Pan      | Gained mutation: You are agile. (Dex +4, Str/Int -1)
                  | [potion of mutation]
113372 | Pan      | Gained mutation: You occasionally shout uncontrollably at
                  | your foes. [potion of mutation]
113372 | Pan      | Gained mutation: You are partially covered in iridescent
                  | scales. (AC +2) [potion of mutation]
113372 | Pan      | Lost mutation: You are agile. (Dex +4, Str/Int -1) [potion
                  | of mutation]
113372 | Pan      | Gained mutation: Your movements are slightly less
                  | encumbered by armour. (ER -2) [potion of mutation]
113583 | Pan      | Entered the realm of Lom Lobon.
114121 | Pan      | Identified the +2 cloak of the Jabberwock {+Blink}
114587 | Pan      | Noticed Lom Lobon
115081 | Pan      | Killed Lom Lobon
115243 | Pan      | Got a magical rune of Zot
115463 | Pan      | Found an exit through the horrors of the Abyss.
116006 | Pan      | Got the Almanac of Hurting and the Blaze
116684 | Pan      | Noticed Rusysipt the pandemonium lord
116823 | Pan      | Found an exit through the horrors of the Abyss.
117080 | Pan      | Killed Rusysipt the pandemonium lord
117240 | Pan      | Got the Book of Moving Destruction
117251 | Pan      | Got Sif Muna's Directory of the Winter
117464 | Pan      | Found an exit through the horrors of the Abyss.
118248 | Pan      | Noticed Bohih the pandemonium lord
118259 | Pan      | Entered the realm of Cerebov.
119807 | Pan      | Found the +6 sword of Cerebov {flame}
119807 | Pan      | Noticed Cerebov
120001 | Pan      | Identified the +5 shortbow "Junala" {flame, rN+ Int+3}
120049 | Pan      | Got Xakiescho's Enchiridion on Hiemal Putrescence
120187 | Pan      | Identified the +10 spear "Qetawa" {venom, rN++ Str+3}
120244 | Pan      | Got the Tome of Loathsome Malediction
120562 | Pan      | Got a fiery rune of Zot
120646 | Pan      | Entered the realm of Mnoleg.
120912 | Pan      | Gained mutation: You are vulnerable to heat. (rF-) [a
                  | neqoxec]
120921 | Pan      | Gained mutation: You are clumsy. (Dex -2) [a cacodemon]
121371 | Pan      | Gained mutation: You are dopey. (Int -2) [a cacodemon]
121555 | Pan      | Noticed Mnoleg
121575 | Pan      | Paralysed by a floating eye for 3 turns
121585 | Pan      | Killed Mnoleg
121599 | Pan      | Got a glowing rune of Zot
121820 | Pan      | Found the +6 sword of Cerebov {flame}
121820 | Pan      | Noticed Cerebov
121824 | Pan      | Gained mutation: You are weak. (Str -2) [a neqoxec]
121824 | Pan      | Gained mutation: You are very vulnerable to heat. (rF--) [a
                  | neqoxec]
121859 | Pan      | Entered the realm of Gloorx Vloq.
121871 | Pan      | Found an exit through the horrors of the Abyss.
121887 | Pan      | Lost mutation: You are very vulnerable to heat. (rF--)
                  | [potion of mutation]
121887 | Pan      | Lost mutation: You are weak. (Str -2) [potion of mutation]
121887 | Pan      | Lost mutation: You are vulnerable to heat. (rF-) [potion of
                  | mutation]
121887 | Pan      | Lost mutation: You are partially covered in iridescent
                  | scales. (AC +2) [potion of mutation]
121887 | Pan      | Lost mutation: You occasionally shout uncontrollably at
                  | your foes. [potion of mutation]
121887 | Pan      | Lost mutation: Your movements are slightly less encumbered
                  | by armour. (ER -2) [potion of mutation]
121887 | Pan      | Gained mutation: Your movements are slightly less
                  | encumbered by armour. (ER -2) [potion of mutation]
121887 | Pan      | Gained mutation: Your flesh is heat resistant. (rF+)
                  | [potion of mutation]
121887 | Pan      | Gained mutation: Your muscles are strong. (Str +4, Int/Dex
                  | -1) [potion of mutation]
121887 | Pan      | Gained mutation: You have a somewhat thin skeletal
                  | structure. (Dex +2, Stealth+) [potion of mutation]
122313 | Pan      | Reached skill level 27 in Fighting
122630 | Pan      | Noticed Gloorx Vloq
123043 | Pan      | Killed Gloorx Vloq
123205 | Pan      | Got a dark rune of Zot
123356 | Pan      | Took an exit into the Abyss.
123356 | Abyss:3  | Escaped into the Abyss
123363 | Depths:2 | Escaped the Abyss
123443 | Tar:1    | Entered Level 1 of Tartarus
123543 | Dis:1    | Entered Level 1 of the Iron City of Dis
123987 | Dis:2    | Noticed a juggernaut
123987 | Dis:2    | Noticed a juggernaut
124004 | Dis:2    | Killed a juggernaut
124024 | Dis:2    | Killed a juggernaut
126369 | Dis:7    | Entered Level 7 of the Iron City of Dis
126652 | Dis:7    | Reached skill level 15 in Spellcasting
126966 | Dis:7    | Learned a level 3 spell: Teleport Other
126971 | Dis:7    | Learned a level 4 spell: Iskenderun's Mystic Blast
126977 | Dis:7    | Learned a level 5 spell: Summon Forest
126993 | Dis:7    | Reached skill level 5 in Dodging
127698 | Dis:7    | Got Sif Muna's Secrets of the Foul Quake
127700 | Dis:7    | Got the Catalogue of Assaults and the Squall
128065 | Dis:7    | Noticed a juggernaut
128088 | Dis:7    | Killed a juggernaut
128346 | Dis:7    | Identified the +7 mace "Taxku" {drain, Fragile Str+3 Dex+2
                  | SInv}
128808 | Dis:7    | Noticed a juggernaut
128835 | Dis:7    | Killed a juggernaut
129228 | Dis:7    | Noticed Dispater
129246 | Dis:7    | Noticed a juggernaut
129296 | Dis:7    | Killed Dispater
129311 | Dis:7    | Killed a juggernaut
129339 | Dis:7    | Got Gaxzeixou's Tome of Chilled Superposition
129341 | Dis:7    | Got the Secrets of the Discharge and Ignition
129344 | Dis:7    | Got an iron rune of Zot
129345 | Dis:7    | Identified the amulet "Kink" {Acrobat rN++}
129735 | Geh:1    | Entered Level 1 of Gehenna
129870 | Geh:2    | Noticed an ancient lich
129934 | Geh:2    | Killed an ancient lich
131252 | Geh:5    | Noticed an ancient lich
131261 | Geh:5    | Killed an ancient lich
131317 | Geh:5    | You fall into a shaft and drop 1 floor!
131528 | Geh:6    | Learned a level 7 spell: Malign Gateway
131626 | Geh:7    | Entered Level 7 of Gehenna
132622 | Geh:7    | Reached skill level 1 in Summonings
132930 | Geh:7    | Identified the +4 bardiche "Vaddamio" {heavy, rPois Int+5}
132963 | Geh:7    | Reached skill level 5 in Summonings
133110 | Geh:7    | Got the Enchiridion on the Enchanted Tundra
133139 | Geh:7    | Identified the +2 hand axe of the Globe {flame, *Slow Int+4
                  | Dex+2}
133151 | Geh:7    | Found the +13 sceptre of Asmodeus
133151 | Geh:7    | Noticed Asmodeus
133181 | Geh:7    | Killed Asmodeus
133202 | Geh:7    | Got an obsidian rune of Zot
133423 | Hell     | Learned a level 4 spell: Animate Armour
133532 | Tar:1    | You fall into a shaft and drop 1 floor!
133532 | Tar:2    | Noticed a dread lich
133544 | Tar:2    | Killed a dread lich
134427 | Tar:3    | Reached skill level 10 in Summonings
135477 | Tar:5    | Learned a level 6 spell: Summon Cactus Giant
136446 | Tar:7    | Entered Level 7 of Tartarus
138091 | Tar:7    | HP: 13/292 [tainted leviathan (20)]
138097 | Tar:7    | HP: 10/292 [tainted leviathan/large rock (18)]
138105 | Tar:7    | HP: 3/292 [tainted leviathan (27)]
138134 | Tar:7    | Noticed the Serpent of Hell
138163 | Tar:7    | Killed the Serpent of Hell
138164 | Tar:7    | Reached skill level 15 in Summonings
138448 | Tar:7    | Noticed an ancient lich
138464 | Tar:7    | Killed an ancient lich
138465 | Tar:7    | Reached skill level 5 in Stealth
139439 | Tar:7    | Identified the +1 flail of Virtue {heavy, rElec rC+++ rCorr
                  | MP-9}
139512 | Tar:7    | Noticed Ereshkigal
139748 | Tar:7    | Paralysed by Ereshkigal for 3 turns
139984 | Tar:7    | Killed Ereshkigal
139985 | Tar:7    | Reached skill level 10 in Stealth
139994 | Tar:7    | Identified the +1 flail of Greed {heavy, Str-5 Int+5 Dex+5}
139996 | Tar:7    | Found the +8 frozen axe "Frostbite" {freeze, freezing
                  | cloud, *Noise Fly rC+}
140003 | Tar:7    | Got a bone rune of Zot
140185 | Coc:1    | Entered Level 1 of Cocytus
140352 | Coc:1    | Paralysed by a wendigo for 1 turns
141288 | Coc:4    | Mangled by a nargun

Illustrated notes

Levels and vault maps discovered:
D:1:      spicycebolla_arrival_ecumenical, layout_loops_ring, serial_forest,
          infiniplex_forest_lined_room_, infiniplex_forest_end_1,
          infiniplex_forest_lined_ring, infiniplex_forest_clump_cross,
          infiniplex_forest_straight_2, infiniplex_forest_clump_long,
          infiniplex_forest_corner_1
D:2:      layout_basic
D:3:      layout_basic, nicolae_qazlal_eye_of_the_storm,
          nicolae_tso_carved_into_rock, lemuel_doored_altar, minivault_19,
          uniq_crazy_yiuf_cottage
D:4:      layout_rooms, mainiacjoe_overflow_large_starburst, temple_hall,
          uniq_robin, uniq_blork_the_orc
D:5:      layout_basic, mainiacjoe_overflow_small_starburst,
          gammafunk_temple_overflow_pools
D:6:      layout_loops_ring, nicolae_vehumet_radiance
D:7:      layout_loops_ring, lemuel_tele_altar, kennysheep_mini,
          gammafunk_ghost_arena, uniq_pikel
D:8:      layout_loops_ring, mainiacjoe_overflow_alcove_2, enter_bailey_7,
          kennysheep_flooded_box
D:9:      layout_irregular_city, david_orc_2
D:10:     layout_irregular_city, xom_butterflies, kennysheep_diamond,
          uniq_maurice, uniq_nergalle
D:11:     layout_roguey, dpeg_oklobed_lair, kennysheep_small_spiral,
          nicolae_uskayaw_dance_studio, uniq_grum
D:12:     layout_big_octagon, serial_rivers, chequers_serial_rivers_micro_e,
          chequers_serial_rivers_large_a, chequers_serial_rivers_room_b,
          chequers_serial_rivers_large_b, chequers_serial_rivers_small_3,
          hex_large, chequers_serial_rivers_marsh, st_stairs_10
D:13:     layout_loops_ring, serial_shops, shop, palyth_stone_intersect
D:14:     layout_roguey, david_vaults_5, serial_bayou_pond_d, uniq_roxanne
D:15:     gammafunk_depths_entry_grave, layout_gridville,
          chequers_serial_rivers_room_a, dk_noncrumbling_3,
          nicolae_gozag_cash_rules_everything_around_me
Temple:   jpeg_temple_island
Lair:1:   layout_cave_pods, evilmike_ambush [evilmike_ambush_outer_pillars,
          evilmike_ambush_inner_basic], lemuel_fruit_fields, uniq_erica
Lair:2:   cheibrodos_lair_river_kwai, layout_regular_city,
          spider_nest_entry_web_field, gauntlet_entry_generic, uniq_harold,
          uniq_gastronok
Lair:3:   beast_lair_carwin_large_1, layout_chaotic_city,
          elwin_shoals_entry_rooms, basic_altar, enter_volcano_2
Lair:4:   layout_roguey, slime_entry_1, serial_bayou_pond_d,
          serial_bayou_shore_a
Lair:5:   hangedman_lair_in_review, layout_small_grid, guppyfry_lair_end_dragon,
          uniq_josephine
Shoals:1: layout_shoals, nicolae_shoals_hidden_pirate_stash, uniq_kirke
Shoals:2: layout_shoals, serial_nicolae_subway, nicolae_sub_station_stone,
          nicolae_sub_station_metal, nicolae_sub_station_crystal
Shoals:3: layout_shoals, nicolae_shoals_water_shrine
Shoals:4: shoals_end_grunt_garden, layout_shoals, serial_shops, shop,
          nicolae_shoals_kraken_party
Spider:1: layout_cave_pods, portal_ice_cave_entry_ice_simulacra
Spider:2: layout_spider_delve
Spider:3: layout_spider_delve, gammafunk_ghost_berserking_beasts,
          nicolae_spider_moth_buddies, uniq_mara
Spider:4: grunt_spider_rune_circles
Slime:1:  layout_caves
Slime:2:  layout_caves
Slime:3:  layout_caves, nicolae_slime_rock_hall_of_fame
Slime:4:  layout_caves
Slime:5
Orc:1:    layout_diamond_mine
Orc:2:    st_orc_elflike, layout_diamond_mine, nicolae_orc_lava_tube,
          mines2_david
Elf:1:    eino_elf_arrival_the_gate, layout_geoelf_octagon, serial_shops,
          nicolae_take_the_stairs, hangedman_elven_crosses_minicolossus,
          minmay_crystal_room, nicolae_shop_i_like_big_books,
          minmay_misc_feat_five
Elf:2:    elven_hall_of_blades_hangedman_original [nicolae_blade_tridents],
          layout_loops_ring, serial_shops, bzr_entry_gold,
          nicolae_shop_advertising_works [nicolae_subvault_shop_adworks],
          serial_sigils_hangedman_confine
Elf:3:    nooodl_elf_gasket, layout_gridlike, grunt_ministairs_13
Vaults:1: v_rooms_2, nicolae_vaults_specimen_jars, nicolae_vaults_tangram_1,
          nicolae_vaults_security_offices_6, nicolae_vaults_double_plus_1,
          nicolae_vaults_closet_pinwheel_5, hangedman_vaults_cutoff,
          v_alt_pattern_6, v_misc_9, vaults_mumra_hex,
          nicolae_vaults_tetromino_Z_1, nicolae_vaults_trapezoid_lopsided_4,
          layout_vaults_maze, uniq_donald, uniq_saint_roka
Vaults:2: vaults_standard_mumra_x, hangedman_vaults_slither,
          hangedman_vaults_hat, nicolae_vaults_what_the_h,
          nicolae_vaults_diamond_2, ontoclasm_vaults_twist,
          nicolae_vaults_three_branches, nicolae_vaults_closet_pinwheel_4,
          nicolae_vaults_apartment_2, nicolae_vaults_double_plus_1,
          vaults_room_hallway, layout_vaults_omnicross, uniq_xtahua,
          uniq_bai_suzhen
Vaults:3: ontoclasm_vaults_spin, minmay_crypt_entry_simple_walls,
          nicolae_vaults_crenellated_ambush, hangedman_vaults_locks,
          layout_vaults_omnigrid, uniq_asterion, uniq_jory
Vaults:4: hellmonk_ghost_big_iron, v_misc_5, nicolae_vaults_twisting_passages,
          nicolae_vaults_big_ls, v_misc_27, nicolae_vaults_wrenched,
          ontoclasm_vaults_decontamination, vaults_room_semicircle,
          vaults_room_hallway, nicolae_vaults_little_squares_4,
          vaults_dpeg_cross, layout_vaults_ring, serial_shops,
          nicolae_shop_rolled_up, uniq_boris
Vaults:5: serial_shops
Crypt:1:  layout_misc_corridors, uniq_frederick
Crypt:2:  layout_gridlike, uniq_margery
Crypt:3:  lightli_unholy_cathedral, layout_chaotic_city,
          tomb_entry_forgotten_bobbens
Depths:1: layout_cave_shapes, enter_ziggurat_f, pf_coc_iceberg,
          hangedman_decor_lopped, serial_sigils_hangedman_quiver,
          chequers_serial_rivers_micro_b, nooodl_orcs_dogs
Depths:2: minmay_the_grid_four_pointed_star_mashed
          [minmay_the_grid_triangle_9x9_warning,
          minmay_the_grid_triangle_9x9_from_above,
          minmay_the_grid_triangle_9x9_sparse_checkered,
          minmay_the_grid_triangle_9x9_semitri,
          minmay_the_grid_prize_inner_circle], layout_gridlike,
          nicolae_hell_entry_hellmouth_sunbeams, rand_demon_pan_entry_5,
          nicolae_ashenzari_skybound, uniq_enchantress, uniq_sojobo
Depths:3: minmay_complete_graph, layout_honeycomb, hell_entry,
          nicolae_hepliaklqana_hazy_memory,
          nicolae_abyss_entry_one_way_or_another, infiniplex_staircase_pool_2
Depths:4: lemuel_castle_with_subvaults [lemuel_castle_interior_carwin_2],
          layout_cave_pools, hell_entry, nzn_wu_jian_contemplation, drop_trap
Hell
Dis:1:    layout_jigsaw
Dis:2:    nicolae_dis_pentagon_1, layout_jigsaw,
          nicolae_dis_step_into_the_octagon
Dis:3:    layout_gridville, nicolae_hells_hurtin_island
Dis:4:    layout_subdivisions, glass_columns_c
Dis:5:    layout_subdivisions, glass_columns_c
Dis:6:    nicolae_dis_array, layout_subdivisions, hangedman_dis_decor_tower
Dis:7:    dis_grunt_layers
Geh:1:    layout_gehenna_pools_box, lemuel_hellish_altar
Geh:2:    nicolae_geh_tyrants_menagerie, layout_gehenna_pools_basic
Geh:3:    layout_gehenna_pools_box
Geh:4:    layout_gehenna_lava_caves
Geh:5:    layout_gehenna_lava_caves
Geh:6:    layout_gehenna_lava_caves
Geh:7:    geh_old
Coc:1:    layout_cocytus_delve
Coc:2:    nicolae_coc_on_the_berg
Coc:3:    layout_cocytus_water_paths
Coc:4:    layout_ice_bergs
Tar:1:    layout_grid_maze, grunt_tartarus_stairs_gauntlet_trap
Tar:2:    nicolae_tar_fifth_circle, layout_cathedral_of_symmetry
Tar:3:    nicolae_tar_intersect_combbox, layout_cathedral_of_symmetry
Tar:4:    layout_catacombs, nicolae_tar_cuneiform_bird
Tar:5:    layout_cathedral_of_symmetry
Tar:6:    hangedman_tartarus_temple_path, layout_cathedral_of_symmetry,
          nicolae_tar_grid_combs
Tar:7:    tar_minmay_river
Zot:1:    layout_cathedral_of_symmetry
Zot:2:    layout_basic
Zot:3:    nicolae_zot_stationary_front, layout_cathedral_of_symmetry,
          hangedman_snake_sidewinding, uniq_grunn
Zot:4:    layout_gridlike, st_small_dragon_hoard_4, grunt_ministairs_13
Zot:5:    layout_gridlike

Skill      XL: |  1  2  3  4  5  6  7  8  9 10 11 12 13 14 15 16 17 18 19 20 21 22 23 24 25 26 27 |
---------------+----------------------------------------------------------------------------------+-----
Maces & Flails | 2 3 4 5 6 8 9 10 11 12 13 15 20 23 25 27 | 27.0
Fighting       | 4 8 10 11 12 13 15 18 20 23 27 | 27.0
Armour         | 9 13 16 20 27 | 27.0
Evocations     | 1 11 14 17 20 24 | 24.0
Shields        | 8 14 19 20 | 20.0
Translocations | 9 15 24 | 24.0
Spellcasting   | 8 10 17 | 17.6
Dodging        | 5 |  5.0
Summonings     | 15 | 15.0
Stealth        | 10 | 10.0
Throwing       | |  0.8

Action                     |  1- 3 |  4- 6 |  7- 9 | 10-12 | 13-15 | 16-18 | 19-21 | 22-24 | 25-27 || total
---------------------------+-------+-------+-------+-------+-------+-------+-------+-------+-------++-------
  Melee: Mace              |   139 |   173 |    67 |       |       |       |       |       |       ||   379
         Tailslap          |    14 |    17 |    57 |   127 |   287 |   360 |   433 |   524 |  1937 ||  3756
         Punch             |       |     1 |     5 |     4 |    30 |       |       |       |       ||    40
         Dagger            |       |       |   362 |   708 |       |       |       |       |       ||  1070
         Flail             |       |       |       |   102 |  1394 |       |       |       |       ||  1496
         Demon whip        |       |       |       |       |    50 |  1809 |  1801 |  2070 |  8865 || 14595
         Kick              |       |       |       |       |       |       |       |       |   501 ||   501
         Eveningstar       |       |       |       |       |       |       |       |       |    44 ||    44
  Throw: Dart              |       |       |     3 |     7 |     1 |       |       |       |       ||    11
   Cast: Manifold Assault  |       |       |       |       |       |       |       |       |  1098 ||  1098
         Passage of Golubr |       |       |       |       |       |       |       |       |    11 ||    11
         Animate Armour    |       |       |       |       |       |       |       |       |     7 ||     7
         Summon Cactus Gia |       |       |       |       |       |       |       |       |     5 ||     5
         Malign Gateway    |       |       |       |       |       |       |       |       |     3 ||     3
         Vhi's Electric Ch |       |       |       |       |       |       |       |       |     2 ||     2
         Summon Forest     |       |       |       |       |       |       |       |       |     1 ||     1
 Invoke: Berserk           |     1 |     7 |     6 |    11 |    11 |     1 |     1 |       |       ||    38
         Trog's Hand       |       |       |     1 |     1 |       |       |       |       |       ||     2
         Brothers in Arms  |       |       |       |     2 |       |       |       |       |       ||     2
         Potion Petition   |       |       |       |       |       |       |       |       |     8 ||     8
Ability: Evoke Invisibilit |       |       |       |       |       |       |     3 |     3 |     4 ||    10
  Evoke: Wand              |       |       |     6 |     1 |     6 |    19 |     5 |     2 |    18 ||    57
         Condenser vane    |       |       |       |       |     1 |     1 |     1 |     1 |     1 ||     5
         Lightning rod     |       |       |       |       |       |     4 |     3 |     2 |       ||     9
         Phial of floods   |       |       |       |       |       |     1 |     1 |       |       ||     2
         Box of beasts     |       |       |       |       |       |       |       |       |     1 ||     1
    Use: Scroll            |       |       |       |    15 |    17 |    12 |     3 |     6 |    33 ||    86
         Potion            |       |       |       |     1 |     4 |       |     9 |     5 |    70 ||    89
   Stab: Paralysed         |       |       |    17 |       |       |       |     4 |       |       ||    21
         Petrified         |       |       |       |       |     6 |       |       |       |       ||     6
         Confused          |       |       |       |       |     1 |       |       |       |       ||     1
         Distracted        |       |       |       |       |       |     1 |       |     1 |    47 ||    49
         Invisible         |       |       |       |       |       |       |     6 |    17 |    25 ||    48
 Armour: Leather armour    |    53 |       |       |       |       |       |       |       |       ||    53
         Chain mail        |    17 |   103 |   194 |       |       |       |       |       |       ||   314
         Plate armour      |       |       |     1 |   561 |  1146 |     1 |       |       |       ||  1709
         Crystal plate arm |       |       |       |       |       |  1214 |   817 |   792 |  3059 ||  5882
  Dodge: Dodged            |    50 |    46 |   130 |   231 |   341 |    91 |    92 |    90 |   474 ||  1545
         Repelled          |       |       |       |       |       |     1 |     1 |       |       ||     2
  Block: Kite shield       |       |       |       |       |    10 |   441 |       |       |       ||   451
         Tower shield      |       |       |       |       |       |   681 |  1179 |  1297 |  4908 ||  8065
         Reflection        |       |       |       |       |       |       |       |     2 |    52 ||    54
